 Dungeon Crawl Stone Soup version 0.22.0 (webtiles) character file.

994 zishaf the Stinger (level 8, -1/46 HPs)
             Began as an Octopode Venom Mage on Aug 11, 2018.
             Was an Initiate of Okawaru.
             Shot with an arrow by a centaur (4 damage)
             ... on level 5 of the Dungeon.
             The game lasted 00:15:07 (7216 turns).

zishaf the Stinger (Octopode Venom Mage)            Turns: 7216, Time: 00:15:07

Health: -1/46      AC:  1    Str:  8    XL:     8   Next: 19%
Magic:  9/12       EV: 15    Int: 18    God:    Okawaru [......]
Gold:   199        SH:  0    Dex: 13    Spells: 7/13 levels left

rFire    . . .     SeeInvis .   b - +0 dagger (protect)
rCold    . . .     Gourm    +   (no shield)
rNeg     . . .     Faith    .   (helmet restricted)
rPois    .         Spirit   .   v - amulet of the gourmand
rElec    .         Reflect  .   (no ring)
rCorr    .         Harm     .   (no ring)
MR       .....                  (no ring)
Stlth    +++.......             (no ring)
HPRegen  0.15/turn              (no ring)
MPRegen  0.13/turn              (no ring)
                                (no ring)
                                (no ring)

@: no status effects
A: almost no armour, stealthy swim, amphibious, 8 rings, constrict 8, camouflage
1, gelatinous body 1
a: Renounce Religion


You were on level 5 of the Dungeon.
You worshipped Okawaru.
Okawaru was noncommittal.
You were not hungry.

You visited 2 branches of the dungeon, and saw 7 of its levels.

You collected 199 gold pieces.

Inventory:

Hand Weapons
 a - a +0 hunting sling
 b - a +0 dagger of protection (weapon)
Missiles
 e - 15 poisoned needles
 s - 16 sling bullets
Jewellery
 v - an amulet of the gourmand (around mantle)
Scrolls
 c - 3 scrolls of amnesia
 j - a scroll of fog {unknown}
 k - a scroll of magic mapping {unknown}
 l - 2 scrolls of teleportation {unknown}
 m - 6 scrolls of remove curse {unknown}
 n - a scroll of summoning {unknown}
 p - a scroll of noise {unknown}
 t - a scroll of vulnerability {unknown}
Potions
 d - 2 potions of berserk rage {unknown}
 f - a potion of lignification {unknown}
 g - a potion of brilliance
 i - a potion of cancellation
 o - a potion of resistance {unknown}
 r - 2 potions of flight
 u - a potion of invisibility {unknown}
Comestibles
 q - 7 rations


   Skills:
 + Level 4.7 Dodging
 - Level 3.0 Stealth
 - Level 3.2 Spellcasting
 + Level 4.3 Conjurations
 - Level 4.0 Air Magic
 + Level 6.4 Poison Magic


You had 7 spell levels left.
You knew the following spells:

 Your Spells              Type           Power        Failure   Level  Hunger
a - Sting                 Conj/Pois      ###.         1%          1    None
b - Poisonous Vapours     Pois/Air       ###...       2%          2    ##.....
c - Mephitic Cloud        Conj/Pois/Air  ###.....     6%          3    ###....

Your spell library contained the following spells:

 Spells                   Type           Power        Failure   Level  Hunger
 Apportation              Tloc           #.....       16%         1    None
 Venom Bolt               Conj/Pois      ###.......   43%         5    ######.
 Olgreb's Toxic Radiance  Pois           ####....     12%         4    ####...
 Summon Small Mammal      Summ           #...         16%         1    None
 Animate Skeleton         Necr           N/A          16%         1    None
 Confusing Touch          Hex            #.....       16%         1    None


Dungeon Overview and Level Annotations

Branches:
Dungeon (6/15)             Temple (1/1) D:4

Altars:
Ashenzari
Cheibriados
Dithmenos
Elyvilon
Fedhas
Hepliaklqana
Kikubaaqudgha
Makhleb
Nemelex Xobeh
Okawaru
Qazlal
Ru
Trog
Vehumet
Wu Jian
Yredelemnul


Innate Abilities, Weirdness & Mutations

You cannot wear most types of armour.
You are very stealthy in the water. (Stealth+)
You are amphibious.
You can wear up to eight rings at the same time.
You can use your tentacles to constrict eight enemies at once.
Your skin changes colour to match your surroundings (Stealth+).
Your rubbery body absorbs attacks. (AC +1, EV +1)


Message History

Poisonous vapours surround the centaur!
The centaur shouts!
You hear a shout!
You hear a bark! x2
You hear an angry hiss.
The centaur is engulfed in poison gas.
The centaur is poisoned.
The centaur wields a glowing shortbow.
The centaur shoots an arrow.
The arrow hits you!
Casting: Poisonous Vapours (safe; 2% risk of failure)
Confirm with . or Enter, or press ? or * to list all spells.
Aiming: Poisonous Vapours (safe; 2% risk of failure)
Press: ? - help, Dir - move target cursor, f/p - centaur
Aim: a centaur, wielding a shortbow of velocity (moderately wounded, poisoned) Poisonous vapours surround the centaur!
The centaur looks even sicker.
The centaur shoots an arrow.
The arrow hits you.
The centaur shoots an arrow.
The arrow barely misses you.
You see here an arrow.
The centaur shoots an arrow.
The arrow closely misses you.
You see here an arrow.
The centaur shoots an arrow.
The arrow hits you!
* * * LOW HITPOINT WARNING * * *
You die...

##############
##.....##.....##
##.........[)...##
#................###
#................(c########
#...............@#.(....c..
#................##########
#.........รท>.........#
#................###....
##..............## #.
##.....##.....##
##############


You could see a centaur.

Vanquished Creatures
  Sigmund (D:2)
  3 ogres
  A bullfrog (D:6)
  A scorpion (D:6)
  A crimson imp (D:5)
  A centaur skeleton (D:6)
  An orc priest (D:3)
  A hound (D:6)
  An orc wizard (D:3)
  4 worker ants
  A hound zombie (D:6)
  3 gnolls (D:4)
  8 adders
  A shadow imp (D:6)
  2 oozes (D:2)
  6 worms
  3 dart slugs (D:1)
  4 leopard geckos
  4 orcs
  2 bat zombies (D:2)
  3 giant cockroaches
  5 goblins
  6 hobgoblins
  4 jackals (D:1)
  A quokka (D:6)
  6 ball pythons
  7 bats
  8 frilled lizards
  4 kobolds
  11 rats
  2 rat zombies (D:2)
  A bush (D:1)
107 creatures vanquished.

Notes
Turn   | Place    | Note
-------+----------+-------------------------------------------
     0 | D:1      | zishaf the Octopode Venom Mage began the quest for the Orb.
     0 | D:1      | Reached XP level 1. HP: 11/11 MP: 3/3
   188 | D:1      | Reached XP level 2. HP: 11/17 MP: 5/5
   815 | D:1      | Learned a level 2 spell: Poisonous Vapours
  1222 | D:1      | Reached XP level 3. HP: 10/21 MP: 6/6
  1610 | D:1      | Reached skill level 4 in Poison Magic
  2336 | D:2      | Found an ancient bone altar of Kikubaaqudgha.
  2407 | D:2      | Noticed Sigmund
  2764 | D:2      | Reached skill level 1 in Air Magic
  2764 | D:2      | Reached XP level 4. HP: 27/27 MP: 2/7
  3461 | D:2      | Learned a level 3 spell: Mephitic Cloud
  3494 | D:2      | Found a blossoming altar of Fedhas.
  3590 | D:2      | Found a shadowy altar of Dithmenos.
  4228 | D:2      | Killed Sigmund
  4228 | D:2      | Reached XP level 5. HP: 31/31 MP: 0/9
  4228 | D:2      | Reached XP level 6. HP: 36/36 MP: 0/10
  4756 | D:3      | Found a faded altar of an unknown god.
  4759 | D:3      | Became a worshipper of Yredelemnul the Dark
  4759 | D:3      | Reached * piety under Yredelemnul
  4844 | D:3      | Reached skill level 5 in Poison Magic
  5595 | D:4      | Found a staircase to the Ecumenical Temple.
  5640 | D:4      | Reached XP level 7. HP: 14/41 MP: 3/11
  6063 | Temple   | Entered the Ecumenical Temple
  6159 | Temple   | Fell from the grace of Yredelemnul
  6159 | Temple   | Became a worshipper of Warmaster Okawaru
  6328 | D:5      | Entered Level 5 of the Dungeon
  6678 | D:6      | Reached skill level 6 in Poison Magic
  6879 | D:6      | Reached XP level 8. HP: 44/46 MP: 7/12
  7216 | D:5      | Shot with an arrow by a centaur

Skill      XL: |  1  2  3  4  5  6  7  8 |
---------------+-------------------------+-----
Stealth        | 3 |  3.0
Poison Magic   | 4 5 6 |  6.4
Air Magic      | 1 2 3 4 |  4.0
Conjurations   | 2 3 4 |  4.3
Dodging        | 3 4 |  4.7
Spellcasting   | 3 |  3.2

Action                   |  1- 3 |  4- 6 |  7- 9 || total
-------------------------+-------+-------+-------++-------
Melee: Unarmed           |   209 |    52 |       ||   261
       Constrict         |    32 |    11 |     9 ||    52
       Tentacles         |    52 |    10 |    10 ||    72
       Dagger            |       |     5 |    55 ||    60
 Fire: Hunting sling     |       |    57 |    19 ||    76
 Cast: Sting             |    10 |    14 |       ||    24
       Poisonous Vapours |     4 |    19 |    34 ||    57
       Mephitic Cloud    |       |     4 |     1 ||     5
  Use: Scroll            |       |     4 |       ||     4
 Stab: Sleeping          |    12 |     6 |     3 ||    21
       Distracted        |       |     1 |       ||     1
  Eat: Chunk             |     6 |     4 |     8 ||    18
       Ration            |       |     2 |       ||     2
Armor: Skin              |    12 |     3 |    15 ||    30
Dodge: Dodged            |    68 |    28 |    48 ||   144
